General information
- name: BNet
- type: Ladder team game (AT/RT)
- host: Battle.net
- saver: DDDddddddddDDD
map: GolemsInTheMist
- players: 8
- length: 26:02
- speed: Fast
- version: 1.26 W3XP
- replay type: Public
» download(160 KB)
Players
team 1 (loser)
MrHelico (
red | 68 APM | 999 actions | 14:38)
2 Death Knight
1 Death Coil
1 Unholy Aura
1 Dreadlord
1 Vampiric Aura
» actions
| Assign group hotkey | 11 | |
| Build / train | 55 | |
| Enter build submenu | 15 | |
| Enter hero's abilities submenu | 3 | |
| Remove unit from queue | 6 | |
| Right click | 639 | |
| Select / deselect | 157 | |
| Select group hotkey | 85 | |
| Use ability | 28 | |
999 total
» units
| Acolyte | 2 | |
| Ghoul | 6 | |
| Crypt Fiend | 12 | |
| Necromancer | 5 | |
| Meatwagon | 2 | |
27 total
» upgrades
| Creature Attack | 2 | |
| Creature Carapace | 2 | |
| Web | 1 | |
| Burrow | 1 | |
| Necromancer Training | 1 | |
| Skeletal Longevity | 1 | |
| Exhume Corpses | 1 | |
| Skeletal Mastery | 1 | |
| Ghoul Frenzy | 0 | |
10 total
» buildings
| Ziggurat | 5 | |
| Altar of Darkness | 1 | |
| Tomb of Relics | 1 | |
| Crypt | 1 | |
| Graveyard | 1 | |
| Halls of the Dead | 1 | |
| Temple of the Damned | 1 | |
| Nerubian Tower | 1 | |
| Black Citadel | 1 | |
| Slaughterhouse | 1 | |
| Sacrificial Pit | 1 | |
| Spirit Tower | 1 | |
16 total
» build order
00:09 Ziggurat
00:11 Altar of Darkness
00:34 Tomb of Relics
00:55 Crypt
01:22 Ziggurat
01:33 Graveyard
03:42 Halls of the Dead
05:34 Ziggurat
05:40 Ziggurat
06:12 Temple of the Damned
06:31 Nerubian Tower
07:18 Black Citadel
08:13 Slaughterhouse
08:52 Sacrificial Pit
12:56 Spirit Tower
13:48 Ziggurat
» items
| Rod of Necromancy | 1 | |
| Sacrificial Skull | 1 | |
2 total

»
theMADking (
pink | 54 APM | 787 actions | 14:35)
3 Demon Hunter
2 Mana Burn
1 Evasion
» actions
| Assign group hotkey | 14 | |
| Basic commands | 1 | |
| Build / train | 32 | |
| Enter build submenu | 11 | |
| Enter hero's abilities submenu | 3 | |
| Remove unit from queue | 1 | |
| Right click | 509 | |
| Select / deselect | 113 | |
| Select group hotkey | 69 | |
| Use ability | 34 | |
787 total
» units
» upgrades
| Strength of the Wild | 2 | |
| Sentinel | 1 | |
3 total
» buildings
| Altar of Elders | 1 | |
| Moon Well | 5 | |
| Hunter's Hall | 1 | |
| Ancient of War | 1 | |
| Tree of Ages | 2 | |
| Ancient of Wonders | 1 | |
| Tree of Eternity | 1 | |
| Ancient of Wind | 1 | |
13 total
» build order
00:10 Altar of Elders
00:20 Moon Well
01:13 Hunter's Hall
01:38 Ancient of War
01:56 Moon Well
03:19 Moon Well
03:36 Tree of Ages
03:37 Tree of Ages
05:52 Moon Well
05:55 Ancient of Wonders
06:20 Tree of Eternity
08:17 Ancient of Wind
09:56 Moon Well
» items
| Scroll of Town Portal | 2 | |
| Orb of Venom | 1 | |
3 total
PROBOMODO (
purple | 50 APM | 1308 actions | 26:01)
3 Far Seer
2 Feral Spirit
1 Chain Lighting
2 Shadow Hunter
1 Hex
1 Healing Wave
» actions
| Assign group hotkey | 28 | |
| Basic commands | 11 | |
| Build / train | 39 | |
| Enter build submenu | 36 | |
| Enter hero's abilities submenu | 5 | |
| Give item / drop item | 2 | |
| Right click | 566 | |
| Select / deselect | 196 | |
| Select group hotkey | 319 | |
| Use ability | 106 | |
1308 total
» units
| Peon | 9 | |
| Goblin Shredder | 3 | |
| Wind Rider | 3 | |
| Troll Batrider | 4 | |
19 total
» upgrades
| Reinforced Defenses | 1 | |
| Ranged Weapons | 2 | |
| Envenomed Spears | 1 | |
| Ensnare | 1 | |
| Armor | 2 | |
7 total
» buildings
| Altar of Storms | 1 | |
| Orc Burrow | 6 | |
| War Mill | 3 | |
| Voodoo Lounge | 1 | |
| Watch Tower | 60 | |
| Stronghold | 1 | |
| Fortress | 1 | |
| Beastiary | 2 | |
| Great Hall | 2 | |
| Spirit Tower | 2 | |
79 total
» build order
00:08 Altar of Storms
00:22 Orc Burrow
00:49 War Mill
01:30 Voodoo Lounge
02:05 Watch Tower
02:10 Watch Tower
02:59 Stronghold
03:23 Orc Burrow
03:42 Watch Tower
03:46 Orc Burrow
04:46 Watch Tower
05:17 Watch Tower
05:21 Watch Tower
06:17 Fortress
06:56 Beastiary
07:55 Great Hall
07:58 Watch Tower
07:58 Watch Tower
07:59 Watch Tower
07:59 Watch Tower
08:01 Watch Tower
08:05 Watch Tower
08:13 Watch Tower
08:25 Beastiary
09:03 Watch Tower
09:03 Watch Tower
09:09 Orc Burrow
09:19 Watch Tower
09:20 Watch Tower
09:21 Watch Tower
09:27 Orc Burrow
09:46 War Mill
10:27 Watch Tower
11:18 Watch Tower
11:19 Watch Tower
11:19 Watch Tower
11:41 War Mill
12:07 Orc Burrow
12:49 Watch Tower
12:50 Watch Tower
12:50 Watch Tower
14:10 Watch Tower
14:10 Watch Tower
14:11 Watch Tower
14:12 Watch Tower
14:13 Watch Tower
14:13 Watch Tower
15:03 Watch Tower
15:04 Watch Tower
15:04 Watch Tower
15:04 Watch Tower
15:05 Watch Tower
15:06 Watch Tower
15:08 Watch Tower
15:08 Watch Tower
15:09 Watch Tower
15:09 Watch Tower
15:09 Watch Tower
15:17 Spirit Tower
15:17 Spirit Tower
15:25 Watch Tower
15:25 Watch Tower
17:04 Watch Tower
17:04 Watch Tower
17:05 Watch Tower
17:25 Watch Tower
17:26 Watch Tower
17:27 Watch Tower
17:27 Watch Tower
17:28 Watch Tower
17:55 Watch Tower
17:58 Watch Tower
17:58 Watch Tower
17:58 Watch Tower
18:31 Watch Tower
18:31 Watch Tower
22:22 Great Hall
» items
ranant989 (
orange | 38 APM | 574 actions | 15:03)
2 Archmage
1 Summon Water Elemental
1 Blizzard
» actions
| Basic commands | 7 | |
| Build / train | 43 | |
| Enter build submenu | 19 | |
| Enter hero's abilities submenu | 2 | |
| Remove unit from queue | 3 | |
| Right click | 316 | |
| Select / deselect | 151 | |
| Use ability | 33 | |
574 total
» units
| Peasant | 8 | |
| Footman | 10 | |
| Mortar Team | 5 | |
| Knight | 3 | |
26 total
» upgrades
| Defend | 1 | |
| Plating | 2 | |
| Swords | 1 | |
| Animal War Training | 1 | |
| Lumber Harvesting | 1 | |
6 total
» buildings
| Altar of Kings | 1 | |
| Farm | 5 | |
| Barracks | 2 | |
| Arcane Vault | 1 | |
| Blacksmith | 1 | |
| Lumber Mill | 1 | |
| Scout Tower | 2 | |
| Guard Tower | 1 | |
| Keep | 1 | |
| Castle | 1 | |
| Workshop | 1 | |
17 total
» build order
00:06 Altar of Kings
00:08 Farm
00:53 Barracks
01:24 Arcane Vault
01:30 Farm
01:59 Blacksmith
02:09 Lumber Mill
02:42 Scout Tower
03:15 Farm
03:22 Guard Tower
04:16 Keep
04:45 Farm
06:13 Farm
07:23 Castle
07:35 Workshop
09:43 Scout Tower
13:04 Barracks
» items
team 2 (winner)
Reaver (
yellow | 54 APM | 1347 actions | 24:45)
3 Death Knight
2 Death Coil
1 Unholy Aura
3 Lich
2 Frost Nova
1 Frost Armor
3 Dreadlord
2 Carrion Swarm
1 Vampiric Aura
» actions
| Assign group hotkey | 6 | |
| Basic commands | 70 | |
| Build / train | 46 | |
| ESC pressed | 3 | |
| Enter build submenu | 19 | |
| Enter hero's abilities submenu | 11 | |
| Right click | 962 | |
| Select / deselect | 147 | |
| Select group hotkey | 15 | |
| Use ability | 68 | |
1347 total
» units
| Acolyte | 13 | |
| Ghoul | 3 | |
| Frost Wyrm | 8 | |
24 total
» upgrades
| Creature Attack | 3 | |
| Creature Carapace | 2 | |
| Freezing Breath | 1 | |
6 total
» buildings
| Ziggurat | 8 | |
| Crypt | 1 | |
| Altar of Darkness | 1 | |
| Nerubian Tower | 1 | |
| Graveyard | 1 | |
| Halls of the Dead | 1 | |
| Tomb of Relics | 1 | |
| Black Citadel | 1 | |
| Sacrificial Pit | 1 | |
| Boneyard | 2 | |
18 total
» build order
00:07 Ziggurat
00:12 Crypt
00:14 Altar of Darkness
01:01 Nerubian Tower
01:22 Graveyard
02:39 Halls of the Dead
02:46 Tomb of Relics
02:59 Ziggurat
05:01 Black Citadel
05:12 Sacrificial Pit
05:17 Ziggurat
06:24 Ziggurat
07:26 Boneyard
07:33 Boneyard
08:19 Ziggurat
11:31 Ziggurat
11:38 Ziggurat
13:25 Ziggurat
» items

»
AtoD3 (
green | 46 APM | 1067 actions | 23:02)
4 Death Knight
2 Death Coil
2 Unholy Aura
2 Lich
1 Frost Nova
1 Frost Armor
» actions
| Assign group hotkey | 22 | |
| Basic commands | 57 | |
| Build / train | 60 | |
| Enter build submenu | 11 | |
| Enter hero's abilities submenu | 6 | |
| Right click | 492 | |
| Select / deselect | 229 | |
| Select group hotkey | 116 | |
| Use ability | 74 | |
1067 total
» units
| Acolyte | 2 | |
| Ghoul | 3 | |
| Crypt Fiend | 15 | |
| Obsidian Statue | 10 | |
30 total
» upgrades
| Creature Attack | 5 | |
| Creature Carapace | 3 | |
| Burrow | 1 | |
| Web | 1 | |
| Destroyer Form | 1 | |
11 total
» buildings
| Graveyard | 1 | |
| Altar of Darkness | 1 | |
| Crypt | 1 | |
| Ziggurat | 6 | |
| Tomb of Relics | 1 | |
| Nerubian Tower | 1 | |
| Spirit Tower | 6 | |
| Halls of the Dead | 2 | |
| Black Citadel | 1 | |
| Slaughterhouse | 1 | |
21 total
» build order
00:51 Graveyard
00:54 Altar of Darkness
00:57 Crypt
01:02 Ziggurat
01:31 Ziggurat
01:36 Tomb of Relics
02:01 Nerubian Tower
02:44 Spirit Tower
02:44 Spirit Tower
04:07 Ziggurat
04:42 Halls of the Dead
04:43 Halls of the Dead
05:45 Spirit Tower
07:19 Black Citadel
08:14 Slaughterhouse
08:25 Ziggurat
10:15 Ziggurat
10:17 Ziggurat
13:08 Spirit Tower
13:11 Spirit Tower
» items
RebelYell (
blue | 45 APM | 1167 actions | 26:01)
5 Blademaster
3 Wind Walk
2 Critical Strike
» actions
| Assign group hotkey | 35 | |
| Basic commands | 113 | |
| Build / train | 59 | |
| Enter build submenu | 38 | |
| Enter hero's abilities submenu | 5 | |
| Give item / drop item | 7 | |
| Remove unit from queue | 1 | |
| Right click | 440 | |
| Select / deselect | 253 | |
| Select group hotkey | 114 | |
| Use ability | 101 | |
1167 total
» units
| Peon | 8 | |
| Grunt | 8 | |
| Goblin Shredder | 1 | |
| Wind Rider | 7 | |
24 total
» upgrades
| Reinforced Defenses | 1 | |
| Pillage | 1 | |
| Ranged Weapons | 3 | |
| Armor | 3 | |
| Troll Regeneration | 1 | |
| Envenomed Spears | 1 | |
10 total
» buildings
| Orc Burrow | 7 | |
| Altar of Storms | 1 | |
| Barracks | 1 | |
| Voodoo Lounge | 1 | |
| Stronghold | 1 | |
| War Mill | 2 | |
| Watch Tower | 23 | |
| Great Hall | 1 | |
| Fortress | 1 | |
| Beastiary | 4 | |
42 total
» build order
00:13 Orc Burrow
00:51 Altar of Storms
00:52 Barracks
01:04 Orc Burrow
01:38 Voodoo Lounge
02:54 Stronghold
03:31 Orc Burrow
05:31 War Mill
07:06 Watch Tower
07:07 Watch Tower
07:08 Watch Tower
07:25 Great Hall
08:29 Fortress
08:33 Watch Tower
08:34 Watch Tower
08:41 Watch Tower
08:41 Watch Tower
08:45 Watch Tower
09:37 Watch Tower
11:37 War Mill
12:13 Beastiary
12:14 Beastiary
12:19 Beastiary
12:23 Beastiary
13:15 Watch Tower
13:17 Watch Tower
13:19 Watch Tower
13:21 Watch Tower
15:13 Orc Burrow
15:15 Orc Burrow
15:19 Orc Burrow
15:24 Orc Burrow
16:15 Watch Tower
16:18 Watch Tower
16:19 Watch Tower
16:19 Watch Tower
16:20 Watch Tower
16:21 Watch Tower
16:29 Watch Tower
16:31 Watch Tower
16:32 Watch Tower
16:33 Watch Tower
» items
| Healing Salve | 3 | |
| Potion of Healing | 4 | |
| Lesser Clarity Potion | 2 | |
| Potion of Mana | 1 | |
| Scroll of Town Portal | 3 | |
| Orb of Lightning | 1 | |
| Orb of Corruption | 1 | |
15 total
DDDddddddddDDD (
teal | 98 APM | 2554 actions | 26:02)
6 Archmage
3 Summon Water Elemental
2 Brilliance Aura
1 Mass Teleport
» actions
| Assign group hotkey | 138 | |
| Basic commands | 196 | |
| Build / train | 136 | |
| ESC pressed | 2 | |
| Enter build submenu | 35 | |
| Enter hero's abilities submenu | 6 | |
| Give item / drop item | 1 | |
| Right click | 848 | |
| Select / deselect | 280 | |
| Select group hotkey | 737 | |
| Use ability | 175 | |
2554 total
» units
| Peasant | 13 | |
| Footman | 14 | |
| Goblin Shredder | 4 | |
| Goblin Zeppelin | 8 | |
| Gryphon Rider | 9 | |
| Dragonhawk Rider | 4 | |
52 total
» upgrades
| Swords | 3 | |
| Masonry | 2 | |
| Armor | 3 | |
| Animal War Training | 1 | |
| Storm Hammers | 1 | |
| Cloud | 1 | |
11 total
» buildings
| Altar of Kings | 2 | |
| Barracks | 1 | |
| Farm | 13 | |
| Arcane Vault | 1 | |
| Keep | 4 | |
| Blacksmith | 1 | |
| Scout Tower | 7 | |
| Lumber Mill | 1 | |
| Guard Tower | 21 | |
| Castle | 2 | |
| Gryphon Aviary | 4 | |
| Town Hall | 1 | |
58 total
» build order
00:39 Altar of Kings
00:40 Barracks
00:43 Altar of Kings
00:49 Farm
01:04 Farm
01:36 Farm
02:00 Arcane Vault
02:40 Farm
03:07 Farm
04:26 Farm
05:01 Keep
05:01 Keep
05:01 Keep
05:08 Blacksmith
05:40 Scout Tower
05:40 Scout Tower
05:42 Scout Tower
06:14 Lumber Mill
06:55 Guard Tower
06:55 Guard Tower
07:10 Guard Tower
07:41 Guard Tower
07:42 Guard Tower
07:42 Guard Tower
08:15 Castle
08:16 Castle
09:35 Gryphon Aviary
09:37 Gryphon Aviary
09:54 Guard Tower
09:55 Guard Tower
09:55 Guard Tower
13:51 Town Hall
14:16 Farm
14:17 Farm
14:18 Farm
14:23 Gryphon Aviary
14:24 Gryphon Aviary
15:25 Farm
15:26 Scout Tower
16:30 Guard Tower
16:31 Guard Tower
16:31 Guard Tower
16:36 Scout Tower
16:40 Scout Tower
16:45 Scout Tower
17:13 Guard Tower
18:07 Farm
18:57 Farm
19:00 Farm
» items
| Mechanical Critter | 3 | |
| Scroll of Town Portal | 3 | |
| Scroll of Regeneration | 4 | |
| Ivory Tower | 2 | |
| Staff of Sanctuary | 1 | |
| Potion of Healing | 3 | |
16 total
Chat log
(00:18 / Allies) AtoD3: guuhhh
(00:23 / Allies) AtoD3: fiend
(00:25 / All) RebelYell: I HAVE TO LAUGH OUT LOUD I WISH I DIDNT LIKE THIS
(00:25 / Allies) AtoD3: dest
(00:29 / All) RebelYell: IS IT A DRAEM OR A MMEMORY
(00:40 / All) MrHelico: penis
(01:46 / All) PROBOMODO: burn them all!
(04:35 / Allies) AtoD3: not sure if teal is playing
(04:43 / Allies) Reaver: i am
(05:03 / All) MrHelico: sup
(06:48 / Allies) DDDddddddddDDD: tp
(06:48 / Allies) DDDddddddddDDD: tp
(06:49 / Allies) DDDddddddddDDD: tp
(06:49 / Allies) DDDddddddddDDD: tp
(07:15 / Allies) Reaver: buy tps
(07:17 / Allies) Reaver: plz
(09:13 / Allies) Reaver: hit
(09:15 / Allies) Reaver: now
(09:22 / Allies) AtoD3: yellow coil plz
(09:32 / Allies) AtoD3: ty
(11:00 / All) theMADking: lmao
(11:03 / All) theMADking: great game :D
(12:36 / Allies) AtoD3: lol wyv
(12:37 / Allies) AtoD3: 2 ud
(12:54 / Allies) RebelYell: orange softest base
(14:33 / All) theMADking: haha always comical. thanks guys
(14:41 / Allies) AtoD3: lol
(14:45 / All) Reaver: pathetic
(14:52 / All) DDDddddddddDDD: still no lvl 6
(14:54 / All) ranant989: games for entertainment
(14:59 / All) ranant989: an he gets serious
(18:22 / All) PROBOMODO: /stats reaver
(18:24 / Allies) DDDddddddddDDD: gold me a bit blue
(18:25 / All) PROBOMODO: oops tee hee
(18:32 / All) DDDddddddddDDD: says 21-17 for me
(18:44 / All) Reaver: 21-16
(18:46 / All) Reaver: you lied
(18:52 / All) PROBOMODO: no my friend, he didnt
(18:52 / All) DDDddddddddDDD: ;)
(19:33 / All) Reaver: lol we need siege
(19:40 / All) PROBOMODO: freaking alamo up in here
(20:13 / Allies) Reaver: coming
(20:21 / Allies) AtoD3: na its the shitty kid bein a dick
(20:27 / All) PROBOMODO: 21-17 my boy
(20:41 / All) Reaver: what the hecl
(20:45 / All) Reaver: you guys gang up on me?
(21:03 / All) Reaver: i was trying to save you
(21:04 / Allies) AtoD3: sigh w/e
(21:06 / Allies) Reaver: from backstabbing
(21:09 / All) PROBOMODO: the proof is in the pudding
(21:17 / All) RebelYell: YOU STRUCK MY PAL
(21:18 / All) Reaver: forget it
(21:21 / All) DDDddddddddDDD: 21-17
(21:28 / All) Reaver: this is my test account
(21:32 / All) DDDddddddddDDD: LMAO
(21:35 / All) PROBOMODO: in 2015
(21:36 / All) DDDddddddddDDD: how many times have I heard that
(21:37 / All) DDDddddddddDDD: Heeard that
(21:38 / All) DDDddddddddDDD: SAME
(21:38 / All) DDDddddddddDDD: EXACT
(21:39 / All) DDDddddddddDDD: LINE
(21:40 / All) DDDddddddddDDD: BEFORE
(21:42 / All) DDDddddddddDDD: WE STABBED YOU
(21:43 / All) DDDddddddddDDD: BEFORE
(22:03 / All) PROBOMODO: bad boy reaver
(22:05 / All) DDDddddddddDDD: That exact fucking line
(22:06 / Allies) RebelYell: thanks pal
(22:13 / Allies) RebelYell: making it easy on us
(22:33 / All) Reaver: we won this
(22:34 / All) Reaver: though
(22:36 / All) Reaver: so
(22:36 / Allies) AtoD3: how can there be so many adults in this game that want to act like kids
(22:39 / All) Reaver: it doesn't matter
(22:42 / All) RebelYell: nah we didn't
(22:47 / All) DDDddddddddDDD: 21-17
(22:48 / All) DDDddddddddDDD: 21-17
(22:50 / All) DDDddddddddDDD: 21-17
(22:57 / Allies) AtoD3: fuckin in their 20's and act like a 12 year old man
(22:59 / Allies) Reaver: wow
(23:04 / Allies) Reaver: you're next
(23:23 / Allies) Reaver: rebel and dd must be the same person
(23:26 / Allies) Reaver: I presume
(23:36 / All) DDDddddddddDDD: yeah that's why we type from 2 accounts
(23:40 / All) DDDddddddddDDD: just to make you think otherwise
(23:43 / All) RebelYell: purple is part of the triad god
(23:53 / All) PROBOMODO: im the slow one
(24:01 / All) DDDddddddddDDD: yes you are
(24:12 / All) Reaver: purple did you really knew that we were going to get backstabbed?
(24:31 / All) Reaver: forget it
(24:38 / All) Reaver: if blue and teal gonna waste my time like
(24:40 / All) Reaver: I'm out
(24:42 / All) Reaver: so long
(24:42 / All) DDDddddddddDDD: OUT!
(24:44 / All) DDDddddddddDDD: OUT!
(24:45 / All) DDDddddddddDDD: OUT!
(24:49 / All) RebelYell: lol
(24:54 / All) DDDddddddddDDD: Nice and easy boys
(24:57 / All) PROBOMODO: aint his day
(25:08 / All) RebelYell: who lose?
(25:17 / All) DDDddddddddDDD: Jake's has 3 legit
(25:22 / All) DDDddddddddDDD: but stats
(25:28 / All) DDDddddddddDDD: 21-16 yellow
(25:30 / All) DDDddddddddDDD: 25-26 green
(25:37 / All) DDDddddddddDDD: Red 5-1
(25:47 / All) DDDddddddddDDD: Pink 0-0
(25:50 / All) PROBOMODO: mine i say
(25:56 / All) RebelYell: red 5-1
(25:57 / All) RebelYell: he lose
(26:01 / All) RebelYell: he was horrible